Penguins vs Checkers 1

Created - 15 novembre 2023 at 19:56

Goals
1 2 3 T
Penguins 0 3 2 5
Checkers 1 0 1 2 3
Shots
1 2 3 T
Penguins 10 14 16 40
Checkers 1 1 10 16 27

GoalsPenalties
1st period
No Goal
No Penalty
2nd period
1. Penguins , Patrick McGrath 5 (Jakub Zboril 13, Cal O'Reilly 4) at 10:32
2. Penguins , Collin Adams 4 (Jakub Zboril 14, Brandon Cutler 7) at 14:46
3. Checkers 1 , Pierre-Cedric Labrie 6 (Tyson Foerster 9) at 15:46
4. Penguins , Daniel D'Amato 4 (Collin Adams 1) at 19:40
Quinton Byfield (PIT) for High sticking (Minor) at 2:34
Givani Smith (FLO) for Hooking (Minor) at 12:19
3rd period
5. Penguins , Philip Kemp 2 (Cal O'Reilly 5, Patrick McGrath 2) at 12:01
6. Checkers 1 , Jack Finley 2 (Pierre-Cedric Labrie 3, Tyson Foerster 10) at 12:34
7. Checkers 1 , Mitchell Stephens 10 (Austin Poganski 12) at 17:14
8. Penguins , Scott Sabourin 3 (Mikey Eyssimont 21, Quinton Byfield 22) at 17:26 (PP)
Isaak Phillips (FLO) for Holding (Minor) at 17:23
Bobby Trivigno (FLO) for Tripping (Minor) at 17:33
Goalie Stats
Lukas Dostal (PIT), 24 saves from 27 shots - (0,889), W, 15-15-6, 60:00 minutes
Kevin Poulin (FLO), 35 saves from 40 shots - (0,875), L, 1-1-0, 60:00 minutes
3 StarsOfficial
1 - Collin Adams (PIT)
2 - Patrick McGrath (PIT)
3 - Cal O'Reilly (PIT)
Referees : Chris Schlenker and Cody Beach
Linesman : Kaylah Krieger and Justine Todd
Game Note
No Game Note



Team Name Goals Shots Shots Attemp Shots Blocked PIM HIT PP PK FO%
Penguins 5406462291 / 3 (33%)045%
Checkers 1 3274686200 / 1 (0%)155%

Penguins
Player Name POS G A P +/- PIM HIT SHT SB MP PP MP PP SHT PK MP PK SHT FO% FOT GA TA
Alex-Olivier VoyerLW/RW000201009:220:0000:1600% 000
Bokondji ImamaLW0002021014:421:4200:4300% 010
Brandon CutlerC/LW/RW011-1001015:341:4200:0000% 000
Cal O'ReillyC0222022012:060:0000:18040% 500
Carl DahlströmD0001011116:250:0000:0000% 000
Cavan FitzgeraldD0001021117:191:4500:5700% 000
Collin AdamsLW112203108:520:0000:0000% 000
Daniel D'AmatoC/LW/RW101202308:520:0000:00050% 210
Danny O'ReganC/LW000-1022014:350:0000:5000% 011
Jakub ZborilD022-1023326:452:1601:0200% 000
Keaton ThompsonD0001001010:061:0000:5400% 000
Markus NiemelainenD0000012127:363:0101:0500% 000
Mavrik BourqueC000-1044015:341:4200:00027% 1121
Mikey EyssimontC/LW011-2014022:282:1900:5500% 010
Patrick McGrathC/LW/RW1122031011:480:0000:000100% 100
Philip KempD1010005021:490:0000:0000% 010
Quinton ByfieldC/LW011-2216021:352:1900:00055% 2910
Scott SabourinRW101-2022022:322:1910:5600% 300
Checkers 1
Player Name POS G A P +/- PIM HIT SHT SB MP PP MP PP SHT PK MP PK SHT FO% FOT GA TA
Alex GreenD000000028:290:0000:0000% 001
Austin PoganskiRW0110011020:370:5600:00033% 310
Axel AnderssonD000000008:210:0000:0000% 000
Bobby TrivignoLW0001242019:330:5611:180100% 100
Chase PriskieD000-1000011:440:0000:0000% 001
Devante StephensD000-1000010:490:0000:0000% 000
Givani SmithLW/RW000-2222015:590:0001:0500% 001
Isaak PhillipsD0002231117:280:5101:2400% 001
Jack FinleyC1011026017:541:0300:00090% 1000
Martin ChromiakRW000-2020016:050:0001:1500% 010
Maxence GuenetteD0002011117:290:5101:2400% 003
Mitchell StephensC1010027022:500:5602:21150% 3000
Pavel DorofeyevC000-100008:270:0000:54050% 200
Pierre-Cedric LabrieLW1121002018:361:0300:4100% 100
Sean DayD000-2001224:281:0802:3700% 000
Semyon Der-ArguchintsevC000-2002114:280:0000:00050% 201
Tobias BjornfotD000-2021024:141:0802:3700% 000
Tyson FoersterC/RW0221011118:251:0300:2800% 200

Penguins

5 vs 5 Forward
Line #Left WingCenterRight WingPHYDFOFWanted %Time %Time Play
1Mikey EyssimontQuinton ByfieldScott Sabourin0234036%19:28
2Danny O'ReganMavrik BourqueBrandon Cutler0233026%13:52
3Bokondji ImamaCal O'ReillyPatrick McGrath0322022%11:48
4Collin AdamsDaniel D'AmatoAlex-Olivier Voyer0321016%8:52
5 vs 5 Defense
Line #DefenseDefensePHYDFOFWanted %Time %Time Play
1Jakub ZborilMarkus Niemelainen0234032%17:18
2Markus NiemelainenCavan Fitzgerald0233026%14:17
3Carl DahlströmPhilip Kemp0322027%14:43
4Jakub ZborilPhilip Kemp0321014%7:42
Power Play Forward
Line #Left WingCenterRight WingPHYDFOFWanted %Time %Time Play
1Mikey EyssimontQuinton ByfieldScott Sabourin1226058%2:19
2Bokondji ImamaMavrik BourqueBrandon Cutler1224042%1:42
Power Play Defense
Line #DefenseDefensePHYDFOFWanted %Time %Time Play
1Jakub ZborilMarkus Niemelainen1226056%2:16
2Cavan FitzgeraldMarkus Niemelainen1224044%1:45
Penalty Kill 4 Players Forward
Line #CenterWingPHYDFOFWanted %Time %Time Play
1Quinton ByfieldMikey Eyssimont12260100%1:59
2Mavrik BourqueScott Sabourin122400%0:00
Penalty Kill 4 Players Defense
Line #DefenseDefensePHYDFOFWanted %Time %Time Play
1Jakub ZborilMarkus Niemelainen1226066%1:18
2Cavan FitzgeraldMarkus Niemelainen1224034%0:41
Penalty Kill 3 Players
Line #WingPHYDFOFWanted %Time %Time PlayDefenseDefensePHYDFOFWanted %Time %Time Play
1Quinton Byfield122600%0:00 Jakub ZborilMarkus Niemelainen122600%0:00
2Mikey Eyssimont122400%0:00 Cavan FitzgeraldMarkus Niemelainen122400%0:00
4 vs 4 Forward
Line #CenterWingPHYDFOFWanted %Time %Time Play
1Quinton ByfieldMikey Eyssimont122600%0:00
2Mavrik BourqueScott Sabourin122400%0:00
4 vs 4 Defense
Line #DefensePHYDFOFWanted %Time %Time Play
1Jakub ZborilMarkus Niemelainen122600%0:00
2Cavan FitzgeraldMarkus Niemelainen122400%0:00
Last Minutes Offensive
Left WingCenterRight WingDefenseDefense
Mikey EyssimontQuinton ByfieldScott SabourinJakub ZborilMarkus Niemelainen
Last Minutes Defensive
Left WingCenterRight WingDefenseDefense
Mikey EyssimontQuinton ByfieldScott SabourinJakub ZborilMarkus Niemelainen
Time
Total ForwardTotal DefenseLast Minutes OffensiveLast Minutes Defensive
60:00 60:00 0:000:00
Extra Forwards
Normal PowerPlayPenalty Kill
Mavrik Bourque, Quinton Byfield, Bokondji ImamaMavrik Bourque, Cal O'ReillyScott Sabourin
Extra Defensemen
Normal PowerPlayPenalty Kill
Jakub Zboril, Markus Niemelainen, Carl DahlströmCavan Fitzgerald, Markus NiemelainenCavan Fitzgerald
Penalty Shots
Quinton Byfield, Mikey Eyssimont, Scott Sabourin, Mavrik Bourque, Jakub Zboril
Goalie
Lukas Dostal, Zach Fucale
Scratches
Mark Jankowski (Strained Left Elbow Injury), Brennan Saulnier (Healthy), Jamie Drysdale (Bruised Right Arm Injury), Ryan MacKinnon (Healthy), Alex Breton (Healthy) Ben Tardif (Abdomen/Ribs Injury), Chad Nychuk (Healthy), Arvid Holm (Healthy)

Checkers 1

5 vs 5 Forward
Line #Left WingCenterRight WingPHYDFOFWanted %Time %Time Play
1Bobby TrivignoMitchell StephensAustin Poganski1224031%16:39
2Pierre-Cedric LabrieJack FinleyTyson Foerster1223031%16:59
3Givani SmithSemyon Der-ArguchintsevMartin Chromiak1222026%14:13
4Mitchell StephensPavel DorofeyevAustin Poganski1221011%6:09
5 vs 5 Defense
Line #DefenseDefensePHYDFOFWanted %Time %Time Play
1Tobias BjornfotSean Day1224038%20:23
2Isaak PhillipsMaxence Guenette1223028%15:14
3Chase PriskieDevante Stephens1222019%10:02
4Alex GreenAxel Andersson1221015%8:21
Power Play Forward
Line #Left WingCenterRight WingPHYDFOFWanted %Time %Time Play
1Bobby TrivignoMitchell StephensAustin Poganski1046047%0:56
2Pierre-Cedric LabrieJack FinleyTyson Foerster1224053%1:03
Power Play Defense
Line #DefenseDefensePHYDFOFWanted %Time %Time Play
1Tobias BjornfotSean Day1226057%1:08
2Isaak PhillipsMaxence Guenette1224043%0:51
Penalty Kill 4 Players Forward
Line #CenterWingPHYDFOFWanted %Time %Time Play
1Mitchell StephensBobby Trivigno1226088%3:33
2Tyson FoersterPierre-Cedric Labrie1224012%0:28
Penalty Kill 4 Players Defense
Line #DefenseDefensePHYDFOFWanted %Time %Time Play
1Tobias BjornfotSean Day1226065%2:37
2Isaak PhillipsMaxence Guenette1224035%1:24
Penalty Kill 3 Players
Line #WingPHYDFOFWanted %Time %Time PlayDefenseDefensePHYDFOFWanted %Time %Time Play
1Mitchell Stephens122600%0:00 Tobias BjornfotSean Day122600%0:00
2Tyson Foerster122400%0:00 Isaak PhillipsMaxence Guenette122400%0:00
4 vs 4 Forward
Line #CenterWingPHYDFOFWanted %Time %Time Play
1Mitchell StephensBobby Trivigno122600%0:00
2Tyson FoersterPierre-Cedric Labrie122400%0:00
4 vs 4 Defense
Line #DefensePHYDFOFWanted %Time %Time Play
1Tobias BjornfotSean Day122600%0:00
2Isaak PhillipsMaxence Guenette122400%0:00
Last Minutes Offensive
Left WingCenterRight WingDefenseDefense
Bobby TrivignoMitchell StephensAustin PoganskiTobias BjornfotSean Day
Last Minutes Defensive
Left WingCenterRight WingDefenseDefense
Bobby TrivignoMitchell StephensAustin PoganskiTobias BjornfotSean Day
Time
Total ForwardTotal DefenseLast Minutes OffensiveLast Minutes Defensive
60:00 60:00 0:000:00
Extra Forwards
Normal PowerPlayPenalty Kill
Martin Chromiak, Bobby Trivigno, Pavel DorofeyevMartin Chromiak, Bobby TrivignoMartin Chromiak
Extra Defensemen
Normal PowerPlayPenalty Kill
Devante Stephens, Alex Green, Axel AnderssonDevante Stephens, Devante StephensAlex Green
Penalty Shots
Mitchell Stephens, Austin Poganski, Tyson Foerster, Semyon Der-Arguchintsev, Martin Chromiak
Goalie
Kevin Poulin, Nolan Maier
Scratches
Mason Millman (Healthy), Luke Henman (Healthy), Andrei Bakanov (Healthy), Dmitry Ovchinnikov (Healthy), Mikael Pyyhtia (Healthy) Ryan Bednard (Healthy), Tommy Nappier (Healthy)


Play-by-Play

1st period


0:01 of 1st period - Quinton Byfield wins face-off versus Mitchell Stephens in neutral zone.
0:12 of 1st period - Slapshot by Quinton Byfield.
0:12 of 1st period - Stopped by Kevin Poulin without a rebound.
0:13 of 1st period - Jack Finley wins face-off versus Mavrik Bourque in Checkers 1 zone.
0:39 of 1st period - Cavan Fitzgerald is hit by Maxence Guenette and loses puck.
1:04 of 1st period - Philip Kemp is hit by Austin Poganski and loses puck.
3:05 of 1st period - Snap shot by Danny O'Regan.
3:05 of 1st period - Stopped by Kevin Poulin with a rebound.
3:07 of 1st period - Wrist shot by Mavrik Bourque.
3:07 of 1st period - Shot Blocked by Alex Green.
3:09 of 1st period - Wrist shot by Carl Dahlström.
3:09 of 1st period - Shot Misses the Net.
3:11 of 1st period - Slapshot by Philip Kemp.
3:11 of 1st period - Stopped by Kevin Poulin with a rebound.
3:13 of 1st period - Slapshot by Philip Kemp.
3:13 of 1st period - Shot Blocked by Alex Green.
3:15 of 1st period - Slapshot by Philip Kemp.
3:15 of 1st period - Stopped by Kevin Poulin with a rebound.
3:39 of 1st period - Snap shot by Mavrik Bourque.
3:39 of 1st period - Stopped by Kevin Poulin without a rebound.
3:40 of 1st period - Quinton Byfield wins face-off versus Mitchell Stephens in Checkers 1 zone.
3:46 of 1st period - Snap shot by Scott Sabourin.
3:46 of 1st period - Stopped by Kevin Poulin with a rebound.
3:48 of 1st period - Slapshot by Jakub Zboril.
3:48 of 1st period - Stopped by Kevin Poulin with a rebound.
4:16 of 1st period - Snap shot by Jack Finley.
4:16 of 1st period - Stopped by Lukas Dostal without a rebound.
4:17 of 1st period - Quinton Byfield wins face-off versus Tyson Foerster in Penguins zone.
5:02 of 1st period - Sean Day is hit by Collin Adams.
5:12 of 1st period - Tobias Bjornfot is hit by Jakub Zboril and loses puck.
5:21 of 1st period - Quinton Byfield is hit by Tobias Bjornfot and loses puck.
5:38 of 1st period - Slapshot by Jakub Zboril.
5:38 of 1st period - Shot Blocked by Sean Day.
5:40 of 1st period - Slapshot by Keaton Thompson.
5:40 of 1st period - Deflect By Jack Finley.
5:40 of 1st period - Stopped by Kevin Poulin with a rebound.
8:00 of 1st period - Sean Day is hit by Collin Adams and loses puck.
8:07 of 1st period - Alex-Olivier Voyer is hit by Givani Smith and loses puck.
8:45 of 1st period - Mikey Eyssimont is hit by Jack Finley and loses puck.
9:50 of 1st period - Bobby Trivigno is hit by Cavan Fitzgerald and loses puck.
11:55 of 1st period - Wrist shot by Mikey Eyssimont.
11:55 of 1st period - Deflect By Bobby Trivigno.
11:55 of 1st period - Shot Hit the Post.
11:55 of 1st period - Puck is out of play.
11:56 of 1st period - Quinton Byfield wins face-off versus Mitchell Stephens in Checkers 1 zone.
11:59 of 1st period - Wrist shot by Mikey Eyssimont.
11:59 of 1st period - Stopped by Kevin Poulin with a rebound.
12:34 of 1st period - Austin Poganski is hit by Daniel D'Amato.
12:38 of 1st period - Austin Poganski is hit by Collin Adams and loses puck.
12:56 of 1st period - Semyon Der-Arguchintsev is hit by Mikey Eyssimont and loses puck.
14:33 of 1st period - Quinton Byfield is hit by Mitchell Stephens and loses puck.
15:00 of 1st period - Icing by Mitchell Stephens.
15:01 of 1st period - Daniel D'Amato wins face-off versus Mitchell Stephens in Checkers 1 zone.
17:20 of 1st period - Wrist shot by Cal O'Reilly.
17:20 of 1st period - Stopped by Kevin Poulin with a rebound.
19:54 of 1st period - Devante Stephens is hit by Mavrik Bourque and loses puck.
Goals for this period are 0 for Penguins vs 0 for Checkers 1.
Shots for this period are 10 for Penguins vs 1 for Checkers 1.

2nd period


0:01 of 2nd period - Mitchell Stephens wins face-off versus Quinton Byfield in neutral zone.
0:12 of 2nd period - Snap shot by Austin Poganski.
0:12 of 2nd period - Stopped by Lukas Dostal with a rebound.
0:14 of 2nd period - Slapshot by Tobias Bjornfot.
0:14 of 2nd period - Shot Misses the Net.
0:16 of 2nd period - Snap shot by Austin Poganski.
0:16 of 2nd period - Shot Misses the Net.
0:26 of 2nd period - Sean Day is hit by Danny O'Regan and loses puck.
1:51 of 2nd period - Wrist shot by Bokondji Imama.
1:51 of 2nd period - Stopped by Kevin Poulin without a rebound.
1:52 of 2nd period - Pavel Dorofeyev wins face-off versus Cal O'Reilly in Checkers 1 zone.
2:17 of 2nd period - Mikey Eyssimont is hit by Isaak Phillips and loses puck.
2:24 of 2nd period - Snap shot by Jack Finley.
2:24 of 2nd period - Shot Blocked by Jakub Zboril.
2:26 of 2nd period - Wrist shot by Jack Finley.
2:26 of 2nd period - Shot Misses the Net.
2:34 of 2nd period - Minor Penalty to Quinton Byfield for High sticking.
2:35 of 2nd period - Bobby Trivigno wins face-off versus Scott Sabourin in Penguins zone.
2:38 of 2nd period - Snap shot by Bobby Trivigno.
2:38 of 2nd period - Shot Blocked by Jakub Zboril.
2:40 of 2nd period - Snap shot by Bobby Trivigno.
2:40 of 2nd period - Stopped by Lukas Dostal with a rebound.
3:32 of 2nd period - Isaak Phillips is hit by Cavan Fitzgerald.
3:48 of 2nd period - Austin Poganski is hit by Cal O'Reilly and loses puck.
4:21 of 2nd period - Isaak Phillips is hit by Scott Sabourin and loses puck.
4:34 of 2nd period - Penalty to Quinton Byfield is over, Quinton Byfield is back on ice.
5:23 of 2nd period - Chase Priskie is hit by Mavrik Bourque and loses puck.
5:52 of 2nd period - Daniel D'Amato is hit by Jack Finley and loses puck.
6:30 of 2nd period - Jack Finley is hit by Alex-Olivier Voyer and loses puck.
6:43 of 2nd period - Pavel Dorofeyev is hit by Danny O'Regan.
7:09 of 2nd period - Givani Smith is hit by Bokondji Imama and loses puck.
9:18 of 2nd period - Slapshot by Philip Kemp.
9:18 of 2nd period - Shot Misses the Net.
9:20 of 2nd period - Slapshot by Carl Dahlström.
9:20 of 2nd period - Shot Blocked by Semyon Der-Arguchintsev.
9:22 of 2nd period - Snap shot by Carl Dahlström.
9:22 of 2nd period - Stopped by Kevin Poulin with a rebound.
9:38 of 2nd period - Snap shot by Daniel D'Amato.
9:38 of 2nd period - Stopped by Kevin Poulin without a rebound.
9:39 of 2nd period - Mavrik Bourque wins face-off versus Pavel Dorofeyev in Checkers 1 zone.
10:02 of 2nd period - Pierre-Cedric Labrie is hit by Carl Dahlström and loses puck.
10:16 of 2nd period - Off-side.
10:17 of 2nd period - Semyon Der-Arguchintsev wins face-off versus Cal O'Reilly in neutral zone.
10:30 of 2nd period - Snap shot by Jakub Zboril.
10:30 of 2nd period - Shot Misses the Net.
10:32 of 2nd period - Snap shot by Patrick McGrath.
10:32 of 2nd period - Goal by Patrick McGrath - Penguins : 1 - Checkers 1 : 0.
10:33 of 2nd period - Mitchell Stephens wins face-off versus Quinton Byfield in neutral zone.
10:46 of 2nd period - Snap shot by Mitchell Stephens.
10:46 of 2nd period - Stopped by Lukas Dostal without a rebound.
10:47 of 2nd period - Mitchell Stephens wins face-off versus Quinton Byfield in Penguins zone.
10:48 of 2nd period - Snap shot by Bobby Trivigno.
10:48 of 2nd period - Stopped by Lukas Dostal with a rebound.
10:56 of 2nd period - Snap shot by Mikey Eyssimont.
10:56 of 2nd period - Stopped by Kevin Poulin without a rebound.
10:57 of 2nd period - Mitchell Stephens wins face-off versus Quinton Byfield in Checkers 1 zone.
11:29 of 2nd period - Snap shot by Quinton Byfield.
11:29 of 2nd period - Stopped by Kevin Poulin with a rebound.
11:31 of 2nd period - Wrist shot by Scott Sabourin.
11:31 of 2nd period - Shot Blocked by Sean Day.
11:33 of 2nd period - Wrist shot by Quinton Byfield.
11:33 of 2nd period - Stopped by Kevin Poulin with a rebound.
11:39 of 2nd period - Snap shot by Quinton Byfield.
11:39 of 2nd period - Stopped by Kevin Poulin without a rebound.
11:40 of 2nd period - Jack Finley wins face-off versus Mavrik Bourque in Checkers 1 zone.
11:45 of 2nd period - Wrist shot by Danny O'Regan.
11:45 of 2nd period - Stopped by Kevin Poulin with a rebound.
12:19 of 2nd period - Minor Penalty to Givani Smith for Hooking.
12:20 of 2nd period - Mitchell Stephens wins face-off versus Quinton Byfield in Checkers 1 zone.
12:29 of 2nd period - Slapshot by Mitchell Stephens.
12:29 of 2nd period - Deflect By Bobby Trivigno.
12:29 of 2nd period - Shot Misses the Net.
12:29 of 2nd period - Puck is out of play.
12:30 of 2nd period - Quinton Byfield wins face-off versus Mitchell Stephens in Penguins zone.
12:36 of 2nd period - Off-side.
12:37 of 2nd period - Mitchell Stephens wins face-off versus Quinton Byfield in neutral zone.
13:10 of 2nd period - Slapshot by Jakub Zboril.
13:10 of 2nd period - Shot Misses the Net.
14:19 of 2nd period - Penalty to Givani Smith is over, Givani Smith is back on ice.
14:32 of 2nd period - Bokondji Imama is hit by Givani Smith.
14:44 of 2nd period - Slapshot by Jakub Zboril.
14:44 of 2nd period - Stopped by Kevin Poulin with a rebound.
14:46 of 2nd period - Snap shot by Collin Adams.
14:46 of 2nd period - Goal by Collin Adams - Penguins : 2 - Checkers 1 : 0.
14:47 of 2nd period - Jack Finley wins face-off versus Quinton Byfield in neutral zone.
14:52 of 2nd period - Mikey Eyssimont is hit by Tyson Foerster and loses puck.
15:01 of 2nd period - Wrist shot by Pierre-Cedric Labrie.
15:01 of 2nd period - Shot Blocked by Carl Dahlström.
15:12 of 2nd period - Icing by Philip Kemp.
15:13 of 2nd period - Mitchell Stephens wins face-off versus Daniel D'Amato in Penguins zone.
15:44 of 2nd period - Wrist shot by Pierre-Cedric Labrie.
15:44 of 2nd period - Stopped by Lukas Dostal with a rebound.
15:46 of 2nd period - Snap shot by Pierre-Cedric Labrie.
15:46 of 2nd period - Goal by Pierre-Cedric Labrie - Penguins : 2 - Checkers 1 : 1.
15:47 of 2nd period - Quinton Byfield wins face-off versus Austin Poganski in neutral zone.
15:52 of 2nd period - Snap shot by Quinton Byfield.
15:52 of 2nd period - Stopped by Kevin Poulin without a rebound.
15:53 of 2nd period - Mitchell Stephens wins face-off versus Quinton Byfield in Checkers 1 zone.
16:06 of 2nd period - Snap shot by Mikey Eyssimont.
16:06 of 2nd period - Shot Misses the Net.
16:19 of 2nd period - Off-side.
16:20 of 2nd period - Jack Finley wins face-off versus Cal O'Reilly in neutral zone.
16:23 of 2nd period - Slapshot by Isaak Phillips.
16:23 of 2nd period - Deflect By Markus Niemelainen.
16:23 of 2nd period - Stopped by Lukas Dostal with a rebound.
16:29 of 2nd period - Snap shot by Patrick McGrath.
16:29 of 2nd period - Shot Blocked by Isaak Phillips.
16:31 of 2nd period - Snap shot by Patrick McGrath.
16:31 of 2nd period - Shot Misses the Net.
16:33 of 2nd period - Slapshot by Cavan Fitzgerald.
16:33 of 2nd period - Stopped by Kevin Poulin with a rebound.
16:35 of 2nd period - Snap shot by Patrick McGrath.
16:35 of 2nd period - Shot Hit the Post.
16:45 of 2nd period - Scott Sabourin is hit by Martin Chromiak and loses puck.
16:56 of 2nd period - Slapshot by Givani Smith.
16:56 of 2nd period - Shot Blocked by Markus Niemelainen.
16:58 of 2nd period - Slapshot by Tobias Bjornfot.
16:58 of 2nd period - Stopped by Lukas Dostal without a rebound.
16:59 of 2nd period - Mitchell Stephens wins face-off versus Mavrik Bourque in Penguins zone.
17:02 of 2nd period - Slapshot by Mitchell Stephens.
17:02 of 2nd period - Stopped by Lukas Dostal without a rebound.
17:03 of 2nd period - Mitchell Stephens wins face-off versus Mavrik Bourque in Penguins zone.
17:15 of 2nd period - Philip Kemp is hit by Mitchell Stephens and loses puck.
17:32 of 2nd period - Snap shot by Jack Finley.
17:32 of 2nd period - Stopped by Lukas Dostal with a rebound.
17:34 of 2nd period - Slapshot by Sean Day.
17:34 of 2nd period - Shot Misses the Net.
18:10 of 2nd period - Philip Kemp is hit by Isaak Phillips and loses puck.
18:21 of 2nd period - Wrist shot by Collin Adams.
18:21 of 2nd period - Shot Blocked by Maxence Guenette.
18:23 of 2nd period - Wrist shot by Collin Adams.
18:23 of 2nd period - Shot Misses the Net.
18:59 of 2nd period - Snap shot by Givani Smith.
18:59 of 2nd period - Shot Blocked by Cavan Fitzgerald.
19:01 of 2nd period - Snap shot by Martin Chromiak.
19:01 of 2nd period - Shot Misses the Net.
19:40 of 2nd period - Wrist shot by Daniel D'Amato.
19:40 of 2nd period - Goal by Daniel D'Amato - Penguins : 3 - Checkers 1 : 1.
19:41 of 2nd period - Quinton Byfield wins face-off versus Mitchell Stephens in neutral zone.
19:45 of 2nd period - Jakub Zboril is hit by Bobby Trivigno and loses puck.
19:54 of 2nd period - Wrist shot by Mitchell Stephens.
19:54 of 2nd period - Deflect By Bobby Trivigno.
19:54 of 2nd period - Shot Misses the Net.
19:54 of 2nd period - Puck is out of play.
19:55 of 2nd period - Quinton Byfield wins face-off versus Mitchell Stephens in Penguins zone.
Goals for this period are 3 for Penguins vs 1 for Checkers 1.
Shots for this period are 14 for Penguins vs 10 for Checkers 1.

3rd period


0:01 of 3rd period - Quinton Byfield wins face-off versus Mitchell Stephens in neutral zone.
0:41 of 3rd period - Wrist shot by Jack Finley.
0:41 of 3rd period - Stopped by Lukas Dostal without a rebound.
0:42 of 3rd period - Patrick McGrath wins face-off versus Semyon Der-Arguchintsev in Penguins zone.
0:47 of 3rd period - Givani Smith is hit by Patrick McGrath.
0:51 of 3rd period - Wrist shot by Givani Smith.
0:51 of 3rd period - Stopped by Lukas Dostal with a rebound.
1:18 of 3rd period - Snap shot by Philip Kemp.
1:18 of 3rd period - Stopped by Kevin Poulin with a rebound.
2:11 of 3rd period - Wrist shot by Givani Smith.
2:11 of 3rd period - Shot Blocked by Jakub Zboril.
2:19 of 3rd period - Sean Day is hit by Patrick McGrath and loses puck.
2:30 of 3rd period - Wrist shot by Semyon Der-Arguchintsev.
2:30 of 3rd period - Stopped by Lukas Dostal without a rebound.
2:31 of 3rd period - Jack Finley wins face-off versus Scott Sabourin in Penguins zone.
2:32 of 3rd period - Wrist shot by Tyson Foerster.
2:32 of 3rd period - Shot Hit the Post.
2:34 of 3rd period - Wrist shot by Jack Finley.
2:34 of 3rd period - Stopped by Lukas Dostal without a rebound.
2:35 of 3rd period - Jack Finley wins face-off versus Scott Sabourin in Penguins zone.
3:10 of 3rd period - Backhand shot by Mavrik Bourque.
3:10 of 3rd period - Stopped by Kevin Poulin with a rebound.
3:32 of 3rd period - Snap shot by Semyon Der-Arguchintsev.
3:32 of 3rd period - Stopped by Lukas Dostal with a rebound.
4:03 of 3rd period - Mikey Eyssimont is hit by Tobias Bjornfot and loses puck.
4:38 of 3rd period - Wrist shot by Tyson Foerster.
4:38 of 3rd period - Shot Misses the Net.
5:47 of 3rd period - Jack Finley is hit by Patrick McGrath and loses puck.
5:52 of 3rd period - Wrist shot by Cal O'Reilly.
5:52 of 3rd period - Deflect By Bokondji Imama.
5:52 of 3rd period - Shot Blocked by Tyson Foerster.
5:52 of 3rd period - Puck is out of play.
5:53 of 3rd period - Quinton Byfield wins face-off versus Mitchell Stephens in Checkers 1 zone.
5:54 of 3rd period - Snap shot by Mikey Eyssimont.
5:54 of 3rd period - Shot Misses the Net.
6:16 of 3rd period - Sean Day is hit by Jakub Zboril and loses puck.
6:25 of 3rd period - Wrist shot by Mavrik Bourque.
6:25 of 3rd period - Stopped by Kevin Poulin without a rebound.
6:26 of 3rd period - Quinton Byfield wins face-off versus Mitchell Stephens in Checkers 1 zone.
6:35 of 3rd period - Snap shot by Quinton Byfield.
6:35 of 3rd period - Stopped by Kevin Poulin without a rebound.
6:36 of 3rd period - Mitchell Stephens wins face-off versus Quinton Byfield in Checkers 1 zone.
7:11 of 3rd period - Wrist shot by Maxence Guenette.
7:11 of 3rd period - Stopped by Lukas Dostal without a rebound.
7:12 of 3rd period - Jack Finley wins face-off versus Mavrik Bourque in Penguins zone.
7:17 of 3rd period - Snap shot by Tyson Foerster.
7:17 of 3rd period - Stopped by Lukas Dostal without a rebound.
7:18 of 3rd period - Jack Finley wins face-off versus Mavrik Bourque in Penguins zone.
7:27 of 3rd period - Wrist shot by Jack Finley.
7:27 of 3rd period - Stopped by Lukas Dostal with a rebound.
7:56 of 3rd period - Snap shot by Mikey Eyssimont.
7:56 of 3rd period - Stopped by Kevin Poulin without a rebound.
7:57 of 3rd period - Cal O'Reilly wins face-off versus Tyson Foerster in Checkers 1 zone.
8:44 of 3rd period - Wrist shot by Danny O'Regan.
8:44 of 3rd period - Deflect By Mavrik Bourque.
8:44 of 3rd period - Stopped by Kevin Poulin with a rebound.
8:46 of 3rd period - Slapshot by Danny O'Regan.
8:46 of 3rd period - Shot Misses the Net.
8:48 of 3rd period - Snap shot by Brandon Cutler.
8:48 of 3rd period - Stopped by Kevin Poulin with a rebound.
8:50 of 3rd period - Slapshot by Markus Niemelainen.
8:50 of 3rd period - Stopped by Kevin Poulin with a rebound.
9:25 of 3rd period - Sean Day is hit by Bokondji Imama and loses puck.
9:34 of 3rd period - Bokondji Imama is hit by Bobby Trivigno and loses puck.
9:50 of 3rd period - Quinton Byfield is hit by Martin Chromiak and loses puck.
10:07 of 3rd period - Wrist shot by Mavrik Bourque.
10:07 of 3rd period - Shot Misses the Net.
10:09 of 3rd period - Slapshot by Carl Dahlström.
10:09 of 3rd period - Shot Misses the Net.
10:27 of 3rd period - Mitchell Stephens is hit by Daniel D'Amato and loses puck.
11:16 of 3rd period - Givani Smith is hit by Mavrik Bourque and loses puck.
11:47 of 3rd period - Wrist shot by Cal O'Reilly.
11:47 of 3rd period - Stopped by Kevin Poulin without a rebound.
11:48 of 3rd period - Cal O'Reilly wins face-off versus Jack Finley in Checkers 1 zone.
11:49 of 3rd period - Snap shot by Bokondji Imama.
11:49 of 3rd period - Shot Misses the Net.
11:59 of 3rd period - Wrist shot by Philip Kemp.
11:59 of 3rd period - Stopped by Kevin Poulin with a rebound.
12:01 of 3rd period - Slapshot by Philip Kemp.
12:01 of 3rd period - Deflect By Tyson Foerster.
12:01 of 3rd period - Goal by Philip Kemp - Penguins : 4 - Checkers 1 : 1.
12:02 of 3rd period - Mitchell Stephens wins face-off versus Quinton Byfield in neutral zone.
12:05 of 3rd period - Jakub Zboril is hit by Bobby Trivigno and loses puck.
12:10 of 3rd period - Snap shot by Mitchell Stephens.
12:10 of 3rd period - Stopped by Lukas Dostal without a rebound.
12:11 of 3rd period - Quinton Byfield wins face-off versus Mitchell Stephens in Penguins zone.
12:22 of 3rd period - Wrist shot by Austin Poganski.
12:22 of 3rd period - Shot Misses the Net.
12:24 of 3rd period - Snap shot by Bobby Trivigno.
12:24 of 3rd period - Shot Misses the Net.
12:26 of 3rd period - Slapshot by Sean Day.
12:26 of 3rd period - Stopped by Lukas Dostal with a rebound.
12:28 of 3rd period - Snap shot by Mitchell Stephens.
12:28 of 3rd period - Stopped by Lukas Dostal without a rebound.
12:29 of 3rd period - Jack Finley wins face-off versus Mavrik Bourque in Penguins zone.
12:34 of 3rd period - Snap shot by Jack Finley.
12:34 of 3rd period - Deflect By Danny O'Regan.
12:34 of 3rd period - Goal by Jack Finley - Penguins : 4 - Checkers 1 : 2.
12:35 of 3rd period - Quinton Byfield wins face-off versus Mitchell Stephens in neutral zone.
12:48 of 3rd period - Backhand shot by Mikey Eyssimont.
12:48 of 3rd period - Stopped by Kevin Poulin with a rebound.
13:19 of 3rd period - Semyon Der-Arguchintsev is hit by Cal O'Reilly and loses puck.
13:27 of 3rd period - Snap shot by Givani Smith.
13:27 of 3rd period - Shot Misses the Net.
13:29 of 3rd period - Snap shot by Givani Smith.
13:29 of 3rd period - Stopped by Lukas Dostal with a rebound.
13:39 of 3rd period - Patrick McGrath is hit by Bobby Trivigno and loses puck.
14:24 of 3rd period - Snap shot by Daniel D'Amato.
14:24 of 3rd period - Stopped by Kevin Poulin with a rebound.
14:28 of 3rd period - Wrist shot by Jakub Zboril.
14:28 of 3rd period - Stopped by Kevin Poulin with a rebound.
14:30 of 3rd period - Slapshot by Markus Niemelainen.
14:30 of 3rd period - Stopped by Kevin Poulin with a rebound.
15:22 of 3rd period - Icing by Danny O'Regan.
15:23 of 3rd period - Austin Poganski wins face-off versus Mavrik Bourque in Penguins zone.
15:24 of 3rd period - Slapshot by Mitchell Stephens.
15:24 of 3rd period - Stopped by Lukas Dostal without a rebound.
15:25 of 3rd period - Mavrik Bourque wins face-off versus Mitchell Stephens in Penguins zone.
15:25 of 3rd period - Mavrik Bourque is hit by Isaak Phillips.
15:33 of 3rd period - Snap shot by Mavrik Bourque.
15:33 of 3rd period - Shot Misses the Net.
15:47 of 3rd period - Mitchell Stephens is hit by Mavrik Bourque.
15:56 of 3rd period - Off-side.
15:57 of 3rd period - Quinton Byfield wins face-off versus Pierre-Cedric Labrie in neutral zone.
16:46 of 3rd period - Sean Day is hit by Scott Sabourin and loses puck.
17:08 of 3rd period - Icing by Jakub Zboril.
17:09 of 3rd period - Mitchell Stephens wins face-off versus Quinton Byfield in Penguins zone.
17:12 of 3rd period - Wrist shot by Austin Poganski.
17:12 of 3rd period - Shot Misses the Net.
17:14 of 3rd period - Snap shot by Mitchell Stephens.
17:14 of 3rd period - Goal by Mitchell Stephens - Penguins : 4 - Checkers 1 : 3.
17:15 of 3rd period - Mavrik Bourque wins face-off versus Mitchell Stephens in neutral zone.
17:23 of 3rd period - Minor Penalty to Isaak Phillips for Holding.
17:24 of 3rd period - Quinton Byfield wins face-off versus Mitchell Stephens in Checkers 1 zone.
17:24 of 3rd period - Slapshot by Mikey Eyssimont.
17:24 of 3rd period - Shot Hit the Post.
17:26 of 3rd period - Snap shot by Scott Sabourin.
17:26 of 3rd period - Goal by Scott Sabourin - Penguins : 5 - Checkers 1 : 3.
17:27 of 3rd period - Quinton Byfield wins face-off versus Austin Poganski in neutral zone.
17:33 of 3rd period - Minor Penalty to Bobby Trivigno for Tripping.
17:34 of 3rd period - Mitchell Stephens wins face-off versus Quinton Byfield in Checkers 1 zone.
17:34 of 3rd period - Mitchell Stephens is hit by Markus Niemelainen.
17:43 of 3rd period - Wrist shot by Mitchell Stephens.
17:43 of 3rd period - Stopped by Lukas Dostal with a rebound.
18:41 of 3rd period - Icing by Scott Sabourin.
18:42 of 3rd period - Mitchell Stephens wins face-off versus Quinton Byfield in Penguins zone.
19:33 of 3rd period - Penalty to Bobby Trivigno is over, Bobby Trivigno is back on ice.
19:39 of 3rd period - Bobby Trivigno is hit by Quinton Byfield and loses puck.
Goals for this period are 2 for Penguins vs 2 for Checkers 1.
Shots for this period are 16 for Penguins vs 16 for Checkers 1.